Map: Pride of Altaris LE

Players

Artificial

  • Race: Zerg Zerg
  • League: Master

IIIIIIIIIIII - Winner!

  • Race: Zerg Zerg

VOD

Have the link to the VOD?

Description

m2 zvz replay

Time

  • Played on: April 30, 2022, 11:44 a.m.
  • Length: 14:30
Show
View Real Time Build Order
Export as new Build Order

Artificial Zerg 

Build Orders: Hatch First, Roach Hydra 

Get SALT Encoding   

  12  0:00  Drone  
  13  0:12  Overlord  
  13  0:16  Drone  
  14  0:30  Drone x2  
  16  0:48  Hatchery  
  15  0:51  Drone  
  15  0:55  Drone  
  17  1:00  Drone  
  18  1:08  Extractor  
  17  1:14  Spawning Pool  
  17  1:16  Drone  
  17  1:21  Drone  
  18  1:28  Drone  
  19  1:38  Overlord  
  19  1:50  Drone  
  20  2:00  Queen x2  
  24  2:02  Zergling x2  
  24  2:03  Drone  
  26  2:12  Drone  
  26  2:13  Drone  
  26  2:14  Metabolic Boost  
  28  2:21  Drone  
  30  2:22  Drone  
  30  2:34  Hatchery  
  30  2:37  Zergling x2  
  30  2:50  Baneling Nest  
  30  2:51  Zergling x2  
  30  2:55  Overlord  
  30  2:56  Drone  
  30  2:57  Drone x2  
  32  3:07  Drone x2  
  32  3:11  Drone  
  32  3:12  Overlord  
  35  3:22  Drone x5  
  40  3:28  Evolution Chamber  
  40  3:30  Drone  
  40  3:34  Baneling  
  40  3:39  Drone x2  
  42  3:42  Overlord  
  41  3:48  Lair  
  41  3:53  Roach Warren  
  40  3:57  Drone x2  
  42  4:04  Drone  
  42  4:05  Drone x2, Extractor  
  42  4:06  Drone x3, Extractor  
  46  4:11  Queen  
  46  4:14  Drone  
  46  4:15  Drone  
  46  4:16  Overlord  
  50  4:29  Zerg Missile Weapons Level 1  
  50  4:32  Roach x2  
  50  4:33  Zergling x2  
  50  4:34  Zergling x4  
  50  4:35  Drone x4  
  61  4:42  Extractor  
  61  4:43  Drone x2  
  61  4:44  Drone x2  
  64  4:45  Overlord  
  64  4:50  Roach, Zergling x2  
  64  4:51  Zergling x2  
  68  4:56  Glial Reconstitution, Roach  
  72  5:13  Drone x5  
  72  5:15  Zergling x4  
  72  5:20  Baneling x2  
  72  5:21  Baneling  
  74  5:27  Zergling x4  
  74  5:28  Zergling x6  
  78  5:30  Queen  
  78  5:32  Queen  
  78  5:33  Overlord  
  78  5:34  Overlord  
  78  5:35  Queen  
  82  5:41  Drone  
  82  5:52  Overlord x2  
  82  5:53  Roach x4  
  82  5:54  Roach x2  
  82  5:57  Baneling  
  94  6:02  Roach x2  
  98  6:05  Overlord x3  
  98  6:08  Baneling x4  
  98  6:10  Roach  
  100  6:12  Ravager x2  
  100  6:13  Ravager x2  
  100  6:15  Overlord  
  104  6:20  Drone  
  104  6:21  Extractor  
  104  6:24  Baneling  
  104  6:25  Baneling, Zergling x12  
  106  6:33  Zergling x6  
  106  6:35  Queen  
  106  6:43  Zergling x6  
  106  6:48  Zergling x2  
  106  6:49  Zergling x6  
  106  6:56  Queen x2  
  95  7:01  Zerg Missile Weapons Level 2  
  95  7:03  Hydralisk Den, Spore Crawler  
  95  7:05  Spore Crawler  
  95  7:06  Spore Crawler  
  72  7:30  Roach  
  72  7:31  Roach x7  
  72  7:33  Queen x3  
  94  7:37  Grooved Spines  
  94  7:46  Baneling x6  
  94  7:48  Hydralisk x4  
  102  7:55  Extractor  
  102  7:56  Overlord x2  
  102  7:57  Hydralisk  
  103  8:09  Drone x8  
  108  8:21  Hydralisk x3  
  114  8:27  Drone x3  
  114  8:28  Drone  
  114  8:29  Drone, Spore Crawler  
  118  8:36  Overlord x2  
  116  8:49  Muscular Augments  
  116  8:50  Spore Crawler  
  116  8:53  Overlord x3  
  116  8:54  Queen  
  117  8:55  Hydralisk  
  117  8:56  Hydralisk  
  117  9:02  Overlord x2  
  119  9:13  Hydralisk  
  119  9:14  Hydralisk x4  
  115  9:19  Zerg Ground Armor Level 1  
  115  9:22  Hydralisk  
  117  9:30  Spore Crawler  
  116  9:39  Hydralisk x3  
  116  9:42  Hydralisk x2  
  113  9:53  Hydralisk x6  
  125  10:01  Spore Crawler  
  125  10:03  Hydralisk x2  
  124  10:15  Hydralisk  
  124  10:16  Hydralisk x3  
  132  10:21  Infestation Pit  
  132  10:25  Hydralisk x3  
  136  10:41  Hydralisk x4  
  136  10:42  Hydralisk  
  132  10:52  Roach x4  
  138  10:58  Pathogen Glands  
  138  11:00  Hydralisk  
  138  11:03  Hydralisk  
  140  11:07  Hydralisk  
  140  11:11  Hydralisk  
  146  11:21  Zergling x8  
  146  11:22  Zergling x2  
  151  11:30  Zergling x2  
  135  11:41  Hydralisk  
  135  11:42  Hydralisk x2  
  141  11:49  Infestor x2  
  141  11:52  Infestor  
  141  11:54  Roach  
  141  11:55  Roach x2  
  141  12:00  Baneling  
  141  12:01  Baneling x5  
  147  12:04  Roach  
  149  12:15  Hydralisk x2  
  150  12:24  Spawning Pool  
  149  12:33  Roach x2  
  144  12:46  Infestor x2  
  109  13:00  Hydralisk x2  
  91  13:13  Hydralisk  
  91  13:14  Hydralisk x2  
  97  13:26  Hydralisk  
  99  13:40  Hydralisk  
  87  14:03  Hydralisk x2  
Show
View Real Time Build Order
Export as new Build Order

IIIIIIIIIIII Zerg - Winner!

Build Orders: Hatch First 

Get SALT Encoding   

  12  0:00  Drone  
  13  0:12  Overlord  
  13  0:18  Drone  
  14  0:30  Drone x2  
  14  0:34  Drone  
  17  0:52  Hatchery  
  17  0:55  Drone  
  17  0:59  Drone  
  18  1:09  Extractor  
  17  1:14  Spawning Pool  
  17  1:17  Drone  
  17  1:21  Drone  
  18  1:28  Drone  
  19  1:39  Drone  
  20  1:50  Drone  
  21  2:00  Drone  
  22  2:03  Queen  
  22  2:05  Queen  
  22  2:06  Zergling x2  
  27  2:10  Metabolic Boost  
  27  2:11  Overlord  
  27  2:16  Drone  
  28  2:31  Drone x2  
  28  2:33  Baneling Nest  
  28  2:34  Drone  
  28  2:36  Drone  
  31  2:39  Queen  
  33  2:46  Overlord  
  33  2:53  Queen  
  33  2:55  Drone  
  35  3:08  Drone x3  
  38  3:15  Drone x3  
  38  3:16  Drone  
  38  3:19  Lair  
  42  3:23  Overlord  
  42  3:25  Drone  
  42  3:26  Drone  
  44  3:29  Extractor x2  
  44  3:32  Zergling x4  
  44  3:45  Drone x7  
  44  3:47  Extractor  
  50  3:51  Drone x2  
  50  3:52  Baneling  
  50  3:53  Baneling  
  52  3:57  Overlord  
  52  4:02  Overlord  
  52  4:16  Spine Crawler  
  51  4:22  Drone  
  51  4:23  Drone x2  
  54  4:26  Spire, Drone  
  54  4:38  Drone, Hatchery  
  53  4:43  Evolution Chamber  
  53  4:45  Zergling x12  
  59  4:47  Overseer  
  59  4:59  Zergling x4  
  61  5:00  Overlord  
  61  5:02  Overlord  
  61  5:11  Zerg Melee Weapons Level 1  
  60  5:15  Zergling x12  
  60  5:19  Centrifugal Hooks  
  58  5:43  Mutalisk x3  
  58  5:44  Mutalisk x3  
  70  5:50  Overlord  
  70  5:51  Overlord  
  70  5:55  Drone x4  
  74  6:05  Mutalisk x2  
  74  6:10  Drone x2  
  80  6:11  Queen  
  82  6:19  Drone x8  
  83  6:37  Mutalisk x3  
  83  6:39  Extractor  
  84  6:46  Mutalisk  
  75  6:56  Drone  
  75  6:57  Drone x11  
  82  7:02  Drone  
  82  7:07  Mutalisk x2  
  81  7:19  Drone  
  81  7:20  Drone x9  
  81  7:22  Extractor  
  88  7:27  Drone x3  
  89  7:33  Drone  
  90  7:38  Spine Crawler  
  90  7:39  Mutalisk x2  
  90  7:42  Zergling x2  
  90  7:43  Zergling x2  
  95  7:46  Zerg Flyer Weapons Level 1  
  95  7:48  Overlord  
  95  7:54  Overlord  
  95  7:57  Spine Crawler  
  94  8:05  Mutalisk x2  
  94  8:09  Hatchery  
  97  8:14  Mutalisk x3  
  90  8:22  Drone x6  
  90  8:26  Drone x2  
  98  8:36  Overlord x3  
  98  8:44  Mutalisk x3  
  104  8:48  Drone  
  104  8:49  Drone  
  104  8:54  Overlord x2  
  106  8:56  Drone x2  
  106  8:57  Drone  
  106  9:02  Drone x2  
  109  9:16  Mutalisk x2  
  109  9:17  Mutalisk  
  105  9:19  Drone x7  
  118  9:27  Extractor  
  118  9:30  Drone  
  118  9:31  Drone x3  
  121  9:34  Queen  
  121  9:35  Extractor  
  121  9:37  Mutalisk x2  
  121  9:38  Mutalisk  
  124  9:48  Mutalisk  
  124  9:55  Mutalisk  
  126  10:05  Mutalisk x2  
  130  10:08  Zergling x22  
  130  10:12  Hatchery  
  140  10:15  Drone x2  
  140  10:16  Drone  
  143  10:22  Zergling x16  
  150  10:30  Overlord x4  
  149  10:36  Baneling x7  
  149  10:37  Baneling x7  
  149  10:38  Baneling  
  149  10:44  Overlord x3  
  149  10:49  Mutalisk  
  149  10:50  Mutalisk  
  149  10:55  Mutalisk x2  
  151  10:59  Baneling  
  151  11:00  Baneling x4  
  151  11:04  Drone  
  151  11:05  Drone x7  
  159  11:19  Zergling x22  
  161  11:37  Baneling  
  161  11:38  Baneling x21  
  151  11:40  Zergling x22  
  162  11:51  Mutalisk x2  
  162  11:53  Zergling x18  
  175  11:56  Zerg Flyer Armor Level 1  
  175  11:58  Baneling  
  175  11:59  Baneling x7  
  175  12:01  Baneling  
  175  12:02  Baneling x2  
  175  12:04  Baneling x2  
  175  12:07  Zergling x6  
  175  12:08  Zergling x6  
  181  12:22  Mutalisk x3  
  181  12:26  Zergling x10  
  181  12:27  Zergling x14  
  197  12:31  Baneling  
  197  12:32  Baneling x6  
  158  12:58  Mutalisk  
  158  12:59  Mutalisk x3  
  165  13:06  Zergling x16  
  161  13:14  Zergling x4  
  162  13:21  Hatchery  
  162  13:23  Hatchery  
  162  13:26  Baneling, Hatchery  
  160  13:27  Baneling x17  
  160  13:28  Baneling  
  160  13:33  Hatchery  
  159  13:41  Zergling x20  
  143  14:03  Zergling x16  
  143  14:04  Zergling x4  
  143  14:07  Baneling x5  
  143  14:08  Baneling x11  
  154  14:10  Zergling x4  
Tags
 
Add a new tag
Caveats
  • Supply blocks, unpowered buildings, or Contaminate may cause inaccurate times.
  • Supply counts are checked every 10 seconds.